 Dungeon Crawl Stone Soup version 0.30-a0-840-ga523dec638 (webtiles) character file.

Game seed: 13241114902304636838

1401 retardedninja the Shield-Bearer (level 8, -1/67 HPs)
             Began as a Gnoll Fighter on Mar 1, 2023.
             Slain by a mummy (3 damage)
             ... in an ossuary.
             The game lasted 00:05:51 (3636 turns).

retardedninja the Shield-Bearer (Gnoll Fighter)     Turns: 3636, Time: 00:05:52

Health: -1/67      AC: 18    Str: 18    XL:     8   Next: 69%
Magic:  13/13      EV:  8    Int:  8    God:
Gold:   234        SH:  5    Dex: 11    Spells: 14/14 levels left

rFire   . . .      SeeInvis .    a - +0 flail
rCold   . . .      Faith    .    c - +0 buckler
rNeg    . . .      Spirit   .    j - +4 chain mail {rPois}
rPois   +          Reflect  .    t - +0 helmet
rElec   .          Harm     .    (no cloak)
rCorr   .          Rampage  .    w - +0 pair of gloves
Will    .....                    x - +0 pair of boots Stlth
                                 (no amulet)
HPRegen 0.31/turn                (no ring)
MPRegen 0.13/turn                (no ring)

@: no status effects
A: fangs 1, strong nose, distributed training
a: no special abilities


You were in an ossuary.
You visited 1 branch of the dungeon, and saw 4 of its levels.
You also visited: Ossuary.

You collected 234 gold pieces.

Inventory:

Hand Weapons
 a - a +0 flail (weapon)
Missiles
 r - 2 boomerangs (quivered)
Armour
 c - a +0 buckler (worn)
 j - a +4 chain mail of poison resistance (worn)
 t - a +0 helmet (worn)
 w - a +0 pair of gloves (worn)
 x - a +0 pair of boots (worn)
Jewellery
 l - a ring of flight
 q - a ring of see invisible
Wands
 d - a wand of flame (8)
Scrolls
 b - a scroll of fear {unknown}
 f - a scroll of vulnerability {unknown}
 h - a scroll of blinking {unknown}
 m - a scroll of noise {unknown}
 o - a scroll of enchant armour {unknown}
 p - 2 scrolls of teleportation {unknown}
 u - a scroll of fog {unknown}
 v - a scroll of amnesia {unknown}
Potions
 k - 2 potions of mutation


   Skills:
 + Level 7.5 Fighting
 + Level 3.6 Short Blades
 + Level 3.6 Long Blades
 + Level 3.6 Axes
 + Level 5.9 Maces & Flails
 + Level 3.6 Polearms
 + Level 3.6 Staves
 + Level 3.6 Ranged Weapons
 + Level 3.6 Throwing
 + Level 7.5 Armour
 + Level 3.6 Dodging
 + Level 3.6 Stealth
 + Level 7.5 Shields
 + Level 3.6 Unarmed Combat
 + Level 3.6 Spellcasting
 + Level 3.0 Conjurations
 + Level 3.0 Hexes
 + Level 3.0 Summonings
 + Level 3.0 Necromancy
 + Level 3.0 Translocations
 + Level 3.0 Transmutations
 + Level 3.0 Fire Magic
 + Level 3.0 Ice Magic
 + Level 3.0 Air Magic
 + Level 3.0 Earth Magic
 + Level 3.0 Poison Magic
 + Level 4.0 Invocations
 + Level 3.6 Evocations


You had 14 spell levels left.
You didn't know any spells.
Your spell library contained the following spells:

 Spells                   Type           Power      Damage    Failure   Level
 Freezing Cloud           Conj/Ice/Air   3%         6-21      100%        5
 Simulacrum               Ice/Necr       3%         N/A       100%        6
 Polar Vortex             Ice            3%         N/A       100%        9


Dungeon Overview and Level Annotations

Branches:
Dungeon (4/15)            Ossuary (1/1)
 Temple: D:4-7

Altars:
The Shining One

Shops:
D:1 =   D:3 (

Annotations:
D:4 3 runed translucent doors, Nacht's ghost, novice DsNe; bande's ghost, novice GrFi


Innate Abilities, Weirdness & Mutations

You have very sharp teeth.
Your uncanny sense of smell can sniff out nearby items.
Your experience applies equally to all skills.


Message History

The centaur zombie kicks you but does no damage.
The mummy hits you but does no damage. The mummy hits you!
* * * LOW HITPOINT WARNING * * *
The centaur zombie barely misses you.
The centaur zombie kicks you but does no damage.
The centaur zombie hits you but does no damage.
The centaur zombie kicks you but does no damage.
You hit the centaur zombie but do no damage.
The centaur zombie is almost destroyed.
The centaur zombie hits you but does no damage.
The centaur zombie kicks you but does no damage.
The centaur zombie hits you but does no damage.
The centaur zombie kicks you.
* * * LOW HITPOINT WARNING * * *
You block the mummy's attack.
You sock the centaur zombie!
You destroy the centaur zombie!
The centaur zombie hits you but does no damage.
The centaur zombie kicks you but does no damage.
The mummy hits you!
* * * LOW HITPOINT WARNING * * *
You block the centaur zombie's attack. x2
Your Conjurations skill increases to level 3!
Your Hexes skill increases to level 3!
Your Summonings skill increases to level 3!
Your Necromancy skill increases to level 3!
Your Translocations skill increases to level 3!
Your Transmutations skill increases to level 3!
Your Fire Magic skill increases to level 3!
Your Ice Magic skill increases to level 3!
Your Air Magic skill increases to level 3!
Your Earth Magic skill increases to level 3!
Your Poison Magic skill increases to level 3!
You hit the howler monkey zombie.
The howler monkey zombie is lightly damaged.
The howler monkey zombie hits you but does no damage.
The centaur zombie closely misses you.
The centaur zombie kicks you but does no damage.
You block the mummy's attack. The mummy hits you.
You die...

.~~ ~~#
.~# ∆∆∆
#.' ∆∆∆
'M# ∆∆∆
###Z###
#.ZZM.#
#@#####
#.M.#..∩#
∆∆∆
###.'.∩.#
∆∆∆
+.#...#
∆∆∆
#.#####
+.. #+#


You could see 2 mummies, a bog mummy, a bullfrog zombie, a centaur zombie and a
howler monkey zombie.

Vanquished Creatures
  Pikel (D:4)
  Sigmund (D:4)
  Edmund (D:4)
  Blork the orc (D:4)
  A necrophage (D:4)
  A howler monkey (D:4)
  A centaur zombie (Ossuary)
  2 bullfrog zombies (Ossuary)
  An orc priest (D:3)
  A hound (D:4)
  Jessica (D:2)
  3 orc wizards
  3 mummies (Ossuary)
  5 adders
  4 gnolls (D:4)
  7 worms
  A dart slug (D:3)
  12 orcs
  8 ball pythons
  8 endoplasms
  A giant cockroach (D:3)
  6 goblins
  10 hobgoblins
  5 kobolds
  5 quokkas
  7 bats
  7 frilled lizards
  7 rats
111 creatures vanquished.

Vanquished Creatures (others)
  2 plants (D:4)
  2 withered plants (Ossuary)
4 creatures vanquished.

Grand Total: 115 creatures vanquished

Notes
Turn   | Place    | Note
-------+----------+-------------------------------------------
     0 | D:1      | retardedninja the Gnoll Fighter began the quest for the
                  | Orb.
     0 | D:1      | Reached XP level 1. HP: 23/23 MP: 1/1
    49 | D:1      | Reached XP level 2. HP: 29/29 MP: 2/2
   309 | D:1      | Reached XP level 3. HP: 35/35 MP: 3/3
   467 | D:1      | Reached skill level 1 in Invocations
   548 | D:1      | Found Maudot's Jewellery Boutique.
  1022 | D:2      | Reached skill level 1 in Short Blades
  1022 | D:2      | Reached skill level 1 in Long Blades
  1022 | D:2      | Reached skill level 1 in Axes
  1022 | D:2      | Reached skill level 1 in Polearms
  1022 | D:2      | Reached skill level 1 in Staves
  1022 | D:2      | Reached skill level 1 in Ranged Weapons
  1022 | D:2      | Reached skill level 1 in Throwing
  1022 | D:2      | Reached skill level 1 in Dodging
  1022 | D:2      | Reached skill level 1 in Stealth
  1022 | D:2      | Reached skill level 1 in Unarmed Combat
  1022 | D:2      | Reached skill level 1 in Spellcasting
  1022 | D:2      | Reached skill level 1 in Evocations
  1347 | D:2      | Found a faded altar of an unknown god.
  1625 | D:3      | Noticed Jessica
  1643 | D:2      | Killed Jessica
  1644 | D:2      | Reached skill level 1 in Conjurations
  1644 | D:2      | Reached skill level 1 in Hexes
  1644 | D:2      | Reached skill level 1 in Summonings
  1644 | D:2      | Reached skill level 1 in Necromancy
  1644 | D:2      | Reached skill level 1 in Translocations
  1644 | D:2      | Reached skill level 1 in Transmutations
  1644 | D:2      | Reached skill level 1 in Fire Magic
  1644 | D:2      | Reached skill level 1 in Ice Magic
  1644 | D:2      | Reached skill level 1 in Air Magic
  1644 | D:2      | Reached skill level 1 in Earth Magic
  1644 | D:2      | Reached skill level 1 in Poison Magic
  1644 | D:2      | Reached XP level 4. HP: 35/41 MP: 5/5
  1883 | D:3      | Reached XP level 5. HP: 6/47 MP: 5/7
  2655 | D:3      | Reached XP level 6. HP: 44/53 MP: 8/8
  2735 | D:3      | Found Qich's Weapon Shoppe.
  2896 | D:4      | Reached skill level 5 in Maces & Flails
  3095 | D:4      | Found a runed translucent gate.
  3095 | D:4      | Found a runed translucent gate.
  3095 | D:4      | Found a runed translucent gate.
  3096 | D:4      | Noticed Nacht's ghost (novice DsNe)
  3097 | D:4      | Noticed bande's ghost (novice GrFi)
  3212 | D:4      | Noticed Sigmund
  3213 | D:4      | Noticed Blork the orc
  3224 | D:4      | Killed Blork the orc
  3225 | D:4      | Reached XP level 7. HP: 44/60 MP: 10/10
  3231 | D:4      | Killed Sigmund
  3365 | D:4      | Noticed Pikel
  3366 | D:4      | Noticed Edmund
  3404 | D:4      | Killed Pikel
  3405 | D:4      | Reached XP level 8. HP: 58/67 MP: 12/12
  3412 | D:4      | Killed Edmund
  3545 | D:4      | Found a glowing golden altar of the Shining One.
  3571 | D:4      | Found a sand-covered staircase.
  3584 | Ossuary  | Entered an ossuary
  3635 | Ossuary  | HP: 2/67 [mummy (13)]
  3636 | Ossuary  | Slain by a mummy

Illustrated notes

Levels and vault maps discovered:
D:1:      dpeg_arrival_boxorama, layout_basic, serial_shops,
          nicolae_shop_behind_doors, minmay_heptomino_d4
D:2:      layout_basic, serial_corexii_hall, corexii_hall_statues_l,
          chequers_hall_statues_corner_a, corexii_hall_statues_x,
          corexii_hall_statues_deadend, shapermc_ecumenical_altar_mp_vishouse,
          minmay_split_cup_large
D:3:      layout_loops_ring, serial_shops, nicolae_shop_waterfront,
          minmay_fractal_squares_gapless_5, uniq_jessica
D:4:      layout_basic, tso_oasis_becter, nicolae_ossuary_entry_monument,
          gammafunk_ghost_cemetery, uniq_sigmund, uniq_pikel, uniq_edmund,
          uniq_blork_the_orc
Ossuary:  ossuary_zaba_flooded

Skill      XL: |  1  2  3  4  5  6  7  8 |
---------------+-------------------------+-----
Invocations    | 1 2 3 4 |  4.0
Short Blades   | 1 2 3 |  3.6
Long Blades    | 1 2 3 |  3.6
Axes           | 1 2 3 |  3.6
Polearms       | 1 2 3 |  3.6
Staves         | 1 2 3 |  3.6
Ranged Weapons | 1 2 3 |  3.6
Throwing       | 1 2 3 |  3.6
Dodging        | 1 2 3 |  3.6
Stealth        | 1 2 3 |  3.6
Unarmed Combat | 1 2 3 |  3.6
Spellcasting   | 1 2 3 |  3.6
Evocations     | 1 2 3 |  3.6
Conjurations   | 1 2 3 |  3.0
Hexes          | 1 2 3 |  3.0
Summonings     | 1 2 3 |  3.0
Necromancy     | 1 2 3 |  3.0
Translocations | 1 2 3 |  3.0
Transmutations | 1 2 3 |  3.0
Fire Magic     | 1 2 3 |  3.0
Ice Magic      | 1 2 3 |  3.0
Air Magic      | 1 2 3 |  3.0
Earth Magic    | 1 2 3 |  3.0
Poison Magic   | 1 2 3 |  3.0
Maces & Flails | 5 |  5.9
Fighting       | 7 |  7.5
Armour         | 7 |  7.5
Shields        | 7 |  7.5

Action                     |  1- 3 |  4- 6 |  7- 9 || total
---------------------------+-------+-------+-------++-------
  Melee: Flail             |   127 |   157 |   109 ||   393
         Bite              |     9 |    15 |     8 ||    32
  Throw: Boomerang         |       |    57 |       ||    57
    Use: Potion            |       |     4 |     7 ||    11
         Scroll            |       |     3 |       ||     3
 Armour: Scale mail        |    62 |    75 |     1 ||   138
         Skin              |       |       |   126 ||   126
         Chain mail        |       |       |    34 ||    34
  Dodge: Dodged            |    51 |    73 |    35 ||   159
  Block: Buckler           |    22 |    42 |    48 ||   112

Table legend: (Time is in decaauts)
 A = Elapsed time spent in this place.
 B = Non-inter-level travel time spent in this place.
 C = Inter-level travel time spent in this place.
 D = Time resting spent in this place.
 E = Time spent auto-exploring this place.
 F = Levels seen in this place.
 G = Mean time per level.
                   A        B        C        D        E       F      G
               +--------+--------+--------+--------+--------+-----+--------+
         Total |   3706 |   3641 |     65 |    326 |   2376 |   5 |  741.2 |
       Dungeon |   3647 |   3582 |     65 |    326 |   2374 |   4 |  911.8 |
       Ossuary |     58 |     58 |      0 |      0 |      2 |   1 |   58.0 |
               +--------+--------+--------+--------+--------+-----+--------+

Top non-repeatable levels by time:
     D:2: 1114 daAuts
     D:3: 1044 daAuts
     D:1: 773 daAuts
     D:4: 715 daAuts
 Ossuary: 58 daAuts
